 Dungeon Crawl Stone Soup version 0.29-a0-330-g52719c12eb (webtiles) character file.

Game seed: 15164130569238797052

27 Ajdolov the Bolt Thrower (level 3, -15/22 HPs)
             Began as a Kobold Hunter on May 3, 2022.
             Demolished by Crazy Yiuf
             ... wielding a +2 quarterstaff of chaos
              (20 damage)
             ... on level 2 of the Dungeon.
             The game lasted 00:01:35 (1209 turns).

Ajdolov the Bolt Thrower (Kobold Hunter)            Turns: 1209, Time: 00:01:35

Health: -15/22     AC:  3    Str: 14    XL:     3   Next: 25%
Magic:  3/3        EV: 15    Int: 10    God:
Gold:   16         SH:  0    Dex: 20    Spells: 2/2 levels left

rFire   . . .      SeeInvis +   a - +1 hand crossbow
rCold   + . .      Faith    .   (no shield)
rNeg    . . .      Spirit   .   n - +0 leather armour {rC+}
rPois   .          Reflect  .   (no helmet)
rElec   .          Harm     .   (no cloak)
rCorr   .          Rampage  .   (no gloves)
Will    .....                   (no boots)
Stlth   +++.......              (no amulet)
HPRegen 0.07/turn               f - +6 ring of strength
MPRegen 0.08/turn               l - ring of see invisible

@: no status effects
A: small, no large weapons, nightstalker 3
a: no special abilities


You were on level 2 of the Dungeon.
You visited 1 branch of the dungeon, and saw 2 of its levels.

You collected 16 gold pieces.

Inventory:

Hand Weapons
 a - a +1 hand crossbow (weapon)
Armour
 n - a +0 leather armour of cold resistance (worn)
Jewellery
 f - a +6 ring of strength (left hand)
 l - a ring of see invisible (right hand)
Scrolls
 c - a scroll of immolation
 d - 2 scrolls of blinking {unknown}
 h - a scroll of summoning {unknown}
 i - a scroll of identify {unknown}
 k - a scroll of fog {unknown}
Potions
 b - a potion of cancellation {unknown}
 e - a potion of magic {unknown}
 g - a potion of heal wounds {unknown}
 j - 2 potions of brilliance {unknown}
 m - a potion of degeneration {unknown}


   Skills:
 + Level 2.8 Fighting
 * Level 6.2 Crossbows
 - Level 2.4 Dodging
 - Level 1.3 Stealth


You had 2 spell levels left.
You didn't know any spells.
Your spell library contained the following spells:

 Spells                   Type           Power      Damage    Failure   Level
 Beastly Appendage        Tmut           0%         N/A       43%         1
 Wereblood                Tmut           0%         N/A       58%         2
 Spider Form              Tmut/Pois      0%         N/A       82%         3


Dungeon Overview and Level Annotations

Branches:
Dungeon (2/15)

Altars:
Beogh

Annotations:
D:2 Crazy Yiuf


Innate Abilities, Weirdness & Mutations

You are small and have problems with some larger weapons.
You are completely attuned to the shadows.


Message History

You shoot a bolt. The bolt barely misses the goblin.
The goblin hits you with a +0 club.
You shoot a bolt. The bolt hits the goblin!
You kill the goblin!
No target in view!
HP restored.
Things that are here:
a +0 club; a goblin corpse
Found a runed translucent door.
Found a crude mace.
Press: ? - help, v - describe, . - travel
Here: Crazy Yiuf, wielding a +2 quarterstaff of chaos and wearing a +0 cloak (asleep, fire blocked by a runed translucent door)
The floor.
You open the door.
You aren't carrying any items that you can evoke.
Unknown command.
You shoot a bolt. The bolt hits Crazy Yiuf.
Crazy Yiuf shouts!
Crazy Yiuf is moderately wounded.
Crazy Yiuf flaps his cloak.
Crazy Yiuf whimpers, "Lay!
Candle sing-song head."
You shoot a bolt. The bolt barely misses Crazy Yiuf.
You aren't carrying any items that you can evoke.
Unknown command.
You shoot a bolt. The bolt hits Crazy Yiuf!
Crazy Yiuf is severely wounded.
Crazy Yiuf hits you with a +2 quarterstaff of chaos!
Crazy Yiuf burns you.
Unknown command.
You are too injured to fight recklessly!
Unknown command.
Shoot: a) +1 hand crossbow
Press: ? - help, Q - select action Shift-Dir - straight line, f/p - Crazy Yiuf
Aim: Crazy Yiuf, wielding a +2 quarterstaff of chaos and wearing a +0 cloak (severely wounded, 71% to hit)
You shoot a bolt. The bolt barely misses Crazy Yiuf.
Crazy Yiuf hits you with a +2 quarterstaff of chaos.
* * * LOW HITPOINT WARNING * * *
You are electrocuted!!
Ouch! That really hurt!
You die...

........# ♣.♣♣ ♣.♣#♣#♣.#
♣♣.♣ ...###..# ♣.♣♣
.......## ♣♣.♣♣ .>.#####
♣...♣♣ ##.# ♣.g..♣ #.#
#....#
##'####################....#
#..............)@g.........#
#.........#############...##
#.........# #####
#.........# #.........#
#.........# #.........#
....(....#


You could see Crazy Yiuf.

Vanquished Creatures
  3 bats
  3 endoplasms (D:1)
  2 giant cockroaches (D:1)
  3 goblins
  A hobgoblin (D:1)
  A quokka (D:2)
  A ball python (D:1)
  5 frilled lizards
  2 kobolds (D:1)
  5 rats (D:1)
26 creatures vanquished.

Notes
Turn   | Place    | Note
-------+----------+-------------------------------------------
     0 | D:1      | Ajdolov the Kobold Hunter began the quest for the Orb.
     0 | D:1      | Reached XP level 1. HP: 12/12 MP: 1/1
   136 | D:1      | Reached XP level 2. HP: 18/18 MP: 2/2
   145 | D:1      | Found a faded altar of an unknown god.
   494 | D:1      | Reached skill level 6 in Crossbows
   539 | D:1      | Reached XP level 3. HP: 22/22 MP: 3/3
  1186 | D:2      | Found a runed translucent door.
  1189 | D:2      | Noticed Crazy Yiuf
  1209 | D:2      | Demolished by Crazy Yiuf

Illustrated notes

Levels and vault maps discovered:
D:1:      spicycebolla_arrival_xxxplode, layout_loops_ring,
          hellmonk_ecumenical_altar_defaced_shrine
D:2:      layout_basic, serial_forest, infiniplex_forest_straight_5,
          infiniplex_forest_straight_3, infiniplex_forest_corner_1,
          infiniplex_forest_clump_tiny, infiniplex_forest_end_1,
          infiniplex_forest_lined_2, uniq_crazy_yiuf_cottage

Skill      XL: |  1  2 |
---------------+-------+-----
Crossbows      | 6 |  6.2
Fighting       | |  2.8
Dodging        | |  2.4
Stealth        | |  1.3

Action                   || total
-------------------------++-------
 Fire: Hand crossbow     ||    57
Armor: Leather armour    ||     3
Dodge: Dodged            ||    13

Table legend: (Time is in decaauts)
 A = Elapsed time spent in this place.
 B = Non-inter-level travel time spent in this place.
 C = Inter-level travel time spent in this place.
 D = Time resting spent in this place.
 E = Time spent auto-exploring this place.
 F = Levels seen in this place.
 G = Mean time per level.
                   A        B        C        D        E       F      G
               +--------+--------+--------+--------+--------+-----+--------+
         Total |   1221 |   1190 |     31 |      0 |   1017 |   2 |  610.5 |
       Dungeon |   1221 |   1190 |     31 |      0 |   1017 |   2 |  610.5 |
               +--------+--------+--------+--------+--------+-----+--------+

Top non-repeatable levels by time:
     D:1: 810 daAuts
     D:2: 411 daAuts
